 Dungeon Crawl Stone Soup version 0.29.1-15-g9cfb28693d (webtiles) character file.

Game seed: 8411393149274279776

13 GeoRichter the Sneak (level 2, -2/17 HPs)
             Began as a Kobold Brigand on Feb 28, 2023.
             Frozen to death by an endoplasm (3 damage)
             ... on level 1 of the Dungeon.
             The game lasted 00:00:24 (305 turns).

GeoRichter the Sneak (Kobold Brigand)                Turns: 305, Time: 00:00:24

Health: -2/17      AC:  3    Str:  8    XL:     2   Next: 50%
Magic:  2/2        EV: 14    Int: 12    God:
Gold:   0          SH:  0    Dex: 16    Spells: 1/1 levels left

rFire   . . .      SeeInvis .   a - +2 dagger
rCold   . . .      Faith    .   (no shield)
rNeg    . . .      Spirit   .   b - +0 robe
rPois   .          Reflect  .   (no helmet)
rElec   .          Harm     .   c - +0 cloak
rCorr   .          Rampage  .   (no gloves)
Will    .....                   (no boots)
Stlth   ++++......              (no amulet)
HPRegen 0.05/turn               (no ring)
MPRegen 0.08/turn               (no ring)

@: no status effects
A: small, no large weapons, nightstalker 3
a: no special abilities


You were on level 1 of the Dungeon.
You visited 1 branch of the dungeon, and saw 1 of its levels.

Inventory:

Hand Weapons
 a - a +2 dagger (weapon)
Missiles
 d - 9 poisoned darts (quivered)
 e - 3 curare-tipped darts {!f}
Armour
 b - a +0 robe (worn)
 c - a +0 cloak (worn)
Potions
 f - a potion of flight {unknown}


   Skills:
 - Level 2.1 Fighting
 * Level 3.6 Short Blades
 - Level 2.1 Throwing
 - Level 1.2 Dodging
 + Level 5.6 Stealth


You had one spell level left.
You didn't know any spells.
Your spell library was empty.

Dungeon Overview and Level Annotations

Branches:
Dungeon (1/15) Zot: 5699

Altars:


Innate Abilities, Weirdness & Mutations

You are small and have problems with some larger weapons.
You are completely attuned to the shadows.


Message History

You hit the jackal but do no damage. The jackal misses you.
The jackal completely misses you. The jackal misses you.
You hit the jackal. The jackal misses you.
You closely miss the jackal.
A jackal comes into view.
The jackal closely misses you.
You miss the jackal. The jackal completely misses you. x2
You barely miss the jackal. The jackal barely misses you.
You barely miss the jackal. The jackal bites you.
A hobgoblin comes into view.
You hit the jackal.
You kill the jackal!
You hit the jackal. The jackal completely misses you.
You hit the jackal.
You kill the jackal!
You hit the jackal. The jackal barely misses you.
You hit the jackal but do no damage. The jackal bites you.
You hit the jackal.
The jackal bites you but does no damage.
You hit the jackal.
You kill the jackal!
You hit the jackal but do no damage. The jackal misses you.
The jackal bites you.
You hit the jackal. The jackal closely misses you.
You barely miss the jackal.
An endoplasm comes into view.
The jackal barely misses you.
The endoplasm quivers.
You hit the jackal. The jackal bites you.
You hit the jackal.
The jackal bites you but does no damage.
You hit the jackal.
The jackal bites you but does no damage.
You hit the jackal.
You kill the jackal!
The endoplasm barely misses you. The hobgoblin hits you.
You see here a jackal corpse.
You hit the hobgoblin.
You kill the hobgoblin!
The endoplasm freezes you.
You are frozen.
* * * LOW HITPOINT WARNING * * *
You barely miss the endoplasm. The endoplasm freezes you.
You are frozen.
* * * LOW HITPOINT WARNING * * *
You hit the endoplasm. The endoplasm freezes you.
You are frozen.
You die...

≈ .# # ##.# .≈≈~.#
... ......
######.# ###..≈.
#....@†# ....≈~.
#.####J..# ...≈~..
#.# .... ...≈...
#.# ≈.!. #.....#
#.# .... ###...#
#.# ### #...# #.#
##..# ≈≈## #.###
#.#
##.#.####≈≈###.#
#.#
#.#.~≈.#..≈~.#.###


You could see an endoplasm.

Vanquished Creatures
  A ball python (D:1)
  A hobgoblin (D:1)
  4 jackals (D:1)
  A bat (D:1)
  A frilled lizard (D:1)
  2 goblins (D:1)
  A kobold (D:1)
  A rat (D:1)
12 creatures vanquished.

Notes
Turn   | Place    | Note
-------+----------+-------------------------------------------
     0 | D:1      | GeoRichter the Kobold Brigand began the quest for the Orb.
     0 | D:1      | Reached XP level 1. HP: 12/12 MP: 1/1
   226 | D:1      | Reached XP level 2. HP: 17/17 MP: 2/2
   305 | D:1      | Frozen to death by an endoplasm

Illustrated notes

Levels and vault maps discovered:
D:1:      wander_arrival_peaceful_grave, layout_loops_ring, serial_rivers,
          chequers_serial_rivers_large_b, chequers_serial_rivers_small_b,
          chequers_serial_rivers_small_3, chequers_serial_rivers_small_b,
          chequers_serial_rivers_micro_c, serial_shops, shop_coins

Skill      XL: |  1 |
---------------+----+-----
Short Blades   | 3 |  3.6
Fighting       | |  2.1
Throwing       | |  2.1
Dodging        | |  1.2
Stealth        | |  5.6

Action                   || total
-------------------------++-------
Melee: Dagger            ||    42
 Stab: Sleeping          ||     5
Armor: Robe              ||     6
Dodge: Dodged            ||    28
